AoeStats
← Jackallie

Arabia

507912116Analyzed
2v2 RM · 13d ago on Sep 20, 2026· 29m 10s· 4 players
Game mode
Random Map
Map size
Medium (4 player)
Population
200
Speed
Normal
Resources
Standard
Victory
Conquest
Starting age
Dark Age
Ending age
Imperial Age
RankedLock teamsTeams togetherTeam positionsShared explorationLock speedFull tech treeHidden civsTurbo modeCheats
Victory
Defeat
🇦🇺 Lithuanians · Australia
1111
+15
🇦🇺 Ethiopians · Australia
1106
+16
🇺🇸 Vietnamese · United States
1110
-16
🇺🇸 Persians · United States
1089
-15
GJBrannock
5:34 Loom
12:09 Feudal Age
12:44 Double-Bit Axe
19:49 Wheelbarrow
19:00 Horse Collar
26:24 Castle Age
The Gobbler
7:32 Loom
10:28 Feudal Age
11:17 Double-Bit Axe
14:12 Horse Collar
17:35 Fletching
19:04 Wheelbarrow
18:49 Padded Archer Armor
30:09 Castle Age
Jackallie
5:18 Loom
10:42 Feudal Age
11:11 Double-Bit Axe
11:07 Horse Collar
16:49 Padded Archer Armor
16:40 Fletching
23:20 Wheelbarrow
26:07 Castle Age
26:21 Crossbowman
27:06 Thumb Ring
InformedStorm71
6:43 Loom
9:17 Feudal Age
11:30 Fletching
13:23 Double-Bit Axe
17:59 Horse Collar
24:21 Castle Age
22:57 Padded Archer Armor
23:40 Scale Barding Armor
24:21 Forging
24:06 Gold Mining
24:07 Stone Mining
24:22 Crossbowman
25:03 Bodkin Arrow
25:20 Heavy Plow
26:34 Bow Saw
27:06 Bloodlines
28:18 Wheelbarrow
Connection lost

Rejoining the realm…

Still unreachable

The connection could not be restored.

Session expired

The server has moved on; the page needs a fresh start.